[ PARTIDA AOE2 · #476282509 ]
UnrankedFrancos vs Spanish
[ ANÁLISIS DE REPETICIÓN · EXTRAÍDO DE LA PARTIDA GRABADA ]
Feudal
—
Castillos
11:06
Imperial
—
| APM promedio | 25.5 |
| APM pico | 56 |
| eAPM promedio | 13.5 |
| Aldeanos / militares | 26 / 19 |
Foco
⚔️ 17.5% · 🌾 82.5%
Knight ×16 · Scout Cavalry ×3
Feudal
—
Castillos
11:34
Imperial
—
| APM promedio | 35.0 |
| APM pico | 51 |
| eAPM promedio | 25.9 |
| Aldeanos / militares | 34 / 19 |
Foco
⚔️ 59.4% · 🌾 40.6%
Scout Cavalry ×14 · Missionary ×3 · Spearman ×2
Feudal
—
Castillos
11:58
Imperial
—
| APM promedio | 35.0 |
| APM pico | 53 |
| eAPM promedio | 20.1 |
| Aldeanos / militares | 21 / 63 |
Foco
⚔️ 39.7% · 🌾 60.3%
Archer ×61 · Spearman ×2
Feudal
—
Castillos
8:54
Imperial
—
| APM promedio | 39.9 |
| APM pico | 80 |
| eAPM promedio | 22.3 |
| Aldeanos / militares | 33 / 19 |
Foco
⚔️ 40.9% · 🌾 59.1%
Scout Cavalry ×12 · Knight ×7
Mapa de la partida
Recursos iniciales + cada clic de construcción. Líneas = muros · curvas = relieve. ◆ oro · ⬟ piedra · ● bayas · ✦ reliquia · ◌ hueco del cierre
Tu base· Abierta — flanco sin cerrar
Base de HolyConqs· ✓ Cerrada en 11:34 · 53t muro · 1 puerta(s)
Base de [LW] Kaena· ✓ Cerrada en 11:58 · 41t muro · 2 puerta(s)
Base de hK | Osama Booming Landing· Abierta — flanco sin cerrar
Terreno inicial suavizado · ◌ = hueco del cierre detectado · pasá el cursor para detalles
Inputs por minuto
— armvalcap - - HolyConqs
Build order — armvalcap
80 acciones detectadas en el replay
| 0:05 | Crear | Villager (Male) |
| 0:05 | Crear | Villager (Male) |
| 0:09 | Investigar | Double-Bit Axe |
| 0:13 | Construir | House |
| 0:13 | Construir | House |
| 0:58 | Crear | Villager (Male) |
| 0:58 | Crear | Villager (Male) |
| 0:58 | Crear | Villager (Male) |
| 1:06 | Construir | Stable |
| 1:15 | Investigar | Scale Barding Armor |
| 1:24 | Crear | Villager (Male) |
| 1:25 | Crear | Villager (Male) |
| 1:39 | Crear | Villager (Male) |
| 2:26 | Investigar | Wheelbarrow |
| 2:32 | Construir | Stable |
| 2:37 | Investigar | Gold Mining |
| 2:47 | Investigar | Fletching |
| 3:36 | Investigar | Stone Mining |
| 3:38 | Crear | Villager (Male) |
| 3:39 | Crear | Villager (Male) |
| 3:39 | Crear | Villager (Male) |
| 4:17 | Construir | Mill |
| 4:31 | Construir | Mining Camp |
| 4:35 | Crear | Villager (Male) |
| 4:35 | Crear | Villager (Male) |
| 4:35 | Crear | Villager (Male) |
| 4:35 | Crear | Villager (Male) |
| 4:55 | Construir | Farm |
| 4:56 | Construir | Farm |
| 4:57 | Construir | Farm |
| 4:58 | Construir | Farm |
| 5:00 | Construir | Farm |
| 5:03 | Construir | Farm |
| 5:05 | Construir | Farm |
| 5:06 | Construir | Farm |
| 5:08 | Construir | Farm |
| 5:12 | Crear | Villager (Male) |
| 5:13 | Crear | Villager (Male) |
| 5:26 | Construir | Market |
| 5:38 | Crear | Villager (Male) |
| 5:38 | Crear | Villager (Male) |
| 5:39 | Crear | Villager (Male) |
| 5:45 | Construir | Farm |
| 6:02 | Construir | Stable |
| 6:36 | Construir | Watch Tower |
| 7:07 | Crear | Scout Cavalry |
| 7:07 | Crear | Scout Cavalry |
| 7:10 | Crear | Scout Cavalry |
| 7:30 | Construir | House |
| 7:32 | Construir | House |
| 7:33 | Construir | House |
| 7:52 | Construir | Watch Tower |
| 8:26 | Investigar | Castle Age |
| 9:22 | Investigar | Padded Archer Armor |
| 9:32 | Construir | Farm |
| 9:33 | Construir | Farm |
| 9:34 | Construir | Farm |
| 9:36 | Construir | Farm |
| 9:37 | Construir | Farm |
| 9:38 | Construir | Farm |
| 9:40 | Construir | Farm |
| 9:55 | Construir | Stable |
| 9:58 | Construir | Stable |
| 10:02 | Construir | Stable |
| 10:14 | Investigar | Forging |
| 11:06 | Edad | Edad de los Castillos |
| 11:12 | Crear | Knight |
| 11:20 | Investigar | Gold Shaft Mining |
| 11:22 | Investigar | Bow Saw |
| 11:25 | Investigar | Hand Cart |
| 11:28 | Crear | Villager (Male) |
| 11:29 | Crear | Villager (Male) |
| 11:29 | Crear | Villager (Male) |
| 11:29 | Crear | Villager (Male) |
| 11:50 | Construir | Town Center |
| 12:17 | Crear | Villager (Male) |
| 12:17 | Crear | Villager (Male) |
| 12:47 | Crear | Knight ×5 |
| 12:47 | Crear | Knight ×5 |
| 12:47 | Crear | Knight ×5 |
Build order — HolyConqs
119 acciones detectadas en el replay
| 0:00 | Crear | Villager (Male) |
| 0:11 | Construir | Stable |
| 0:16 | Construir | House |
| 0:23 | Crear | Villager (Male) |
| 0:29 | Crear | Spearman |
| 0:37 | Construir | House |
| 0:46 | Construir | Palisade Wall |
| 0:50 | Crear | Villager (Male) |
| 0:58 | Construir | Palisade Wall |
| 0:58 | Construir | Palisade Wall |
| 1:01 | Construir | House |
| 1:02 | Investigar | Double-Bit Axe |
| 1:06 | Crear | Scout Cavalry |
| 1:15 | Crear | Spearman |
| 1:18 | Crear | Villager (Male) |
| 1:26 | Construir | Palisade Wall |
| 1:28 | Construir | Palisade Wall |
| 1:33 | Crear | Villager (Male) |
| 1:41 | Construir | Palisade Wall |
| 1:42 | Construir | Palisade Wall |
| 1:51 | Crear | Scout Cavalry |
| 1:55 | Construir | Palisade Wall |
| 1:56 | Construir | Palisade Wall |
| 2:13 | Construir | Palisade Wall |
| 2:15 | Crear | Villager (Male) |
| 2:31 | Crear | Villager (Male) |
| 2:31 | Crear | Villager (Male) |
| 2:39 | Construir | Farm |
| 2:39 | Construir | Farm |
| 2:39 | Construir | Farm |
| 2:39 | Construir | Farm |
| 2:40 | Construir | Farm |
| 2:52 | Crear | Villager (Male) |
| 2:54 | Construir | Farm |
| 3:06 | Crear | Scout Cavalry |
| 3:23 | Construir | House |
| 3:24 | Construir | House |
| 3:28 | Construir | Farm |
| 3:29 | Construir | Farm |
| 3:31 | Construir | Farm |
| 3:38 | Crear | Villager (Male) |
| 3:41 | Construir | Farm |
| 3:52 | Construir | Farm |
| 4:02 | Crear | Villager (Male) |
| 4:04 | Crear | Villager (Male) |
| 4:07 | Construir | Farm |
| 4:07 | Construir | Farm |
| 4:18 | Construir | Farm |
| 4:27 | Crear | Villager (Male) |
| 4:30 | Crear | Scout Cavalry |
| 4:42 | Construir | Palisade Gate |
| 4:48 | Crear | Scout Cavalry |
| 4:52 | Construir | Farm |
| 4:58 | Crear | Villager (Male) |
| 5:02 | Construir | Farm |
| 5:09 | Crear | Villager (Male) |
| 5:13 | Construir | Farm |
| 5:14 | Construir | Farm |
| 5:27 | Crear | Villager (Male) |
| 5:32 | Construir | Farm |
| 5:34 | Crear | Villager (Male) |
| 5:35 | Construir | Farm |
| 5:41 | Investigar | Scale Barding Armor |
| 5:41 | Crear | Villager (Male) |
| 5:45 | Crear | Villager (Male) |
| 5:45 | Crear | Villager (Male) |
| 5:47 | Construir | Farm |
| 5:48 | Construir | Farm |
| 6:01 | Crear | Villager (Male) |
| 6:11 | Crear | Villager (Male) |
| 6:26 | Crear | Villager (Male) |
| 6:29 | Crear | Scout Cavalry |
| 6:37 | Crear | Villager (Male) |
| 6:43 | Construir | Farm |
| 6:43 | Construir | Farm |
| 6:52 | Construir | Market |
| 7:04 | Investigar | Bloodlines |
| 7:04 | Crear | Villager (Male) |
| 7:08 | Construir | Farm |
| 7:17 | Crear | Villager (Male) |
| 7:20 | Construir | Farm |
| 7:46 | Investigar | Forging |
| 7:46 | Crear | Villager (Male) |
| 7:53 | Construir | Farm |
| 7:57 | Construir | Farm |
| 8:02 | Crear | Scout Cavalry |
| 8:38 | Crear | Scout Cavalry |
| 8:43 | Construir | Lumber Camp |
| 8:54 | Investigar | Castle Age |
| 9:14 | Investigar | Gold Mining |
| 9:20 | Investigar | Horse Collar |
| 9:24 | Crear | Scout Cavalry |
| 9:33 | Crear | Scout Cavalry |
| 9:55 | Crear | Scout Cavalry |
| 10:21 | Investigar | Wheelbarrow |
| 10:26 | Crear | Scout Cavalry |
| 11:07 | Crear | Scout Cavalry |
| 11:34 | Edad | Edad de los Castillos |
| 11:38 | Construir | Monastery |
| 11:40 | Construir | Monastery |
| 11:43 | Investigar | Chain Barding Armor |
| 11:48 | Investigar | Light Cavalry (upgrade) |
| 11:48 | Investigar | Husbandry |
| 11:50 | Investigar | Bow Saw |
| 11:51 | Crear | Villager (Male) |
| 12:11 | Construir | Town Center |
| 12:16 | Crear | Missionary |
| 12:18 | Investigar | Fervor |
| 12:39 | Crear | Villager (Male) |
| 12:51 | Construir | Palisade Wall |
| 12:52 | Crear | Villager (Male) |
| 13:07 | Crear | Villager (Male) |
| 13:10 | Crear | Missionary |
| 13:13 | Investigar | Iron Casting |
| 13:14 | Crear | Scout Cavalry |
| 13:16 | Crear | Villager (Male) |
| 13:21 | Crear | Missionary |
| 13:22 | Crear | Villager (Male) |
| 13:32 | Crear | Villager (Male) |
Build order — [LW] Kaena
142 acciones detectadas en el replay
| 0:07 | Construir | Archery Range |
| 0:13 | Crear | Villager (Male) |
| 0:27 | Construir | House |
| 0:34 | Crear | Villager (Male) |
| 0:41 | Investigar | Fletching |
| 0:55 | Construir | House |
| 0:58 | Crear | Villager (Male) |
| 1:01 | Crear | Archer |
| 1:17 | Crear | Archer |
| 1:27 | Construir | Archery Range |
| 1:31 | Construir | Archery Range |
| 1:42 | Crear | Archer |
| 1:43 | Crear | Archer |
| 1:43 | Crear | Villager (Male) |
| 1:47 | Crear | Villager (Male) |
| 1:50 | Construir | House |
| 1:54 | Crear | Archer |
| 1:54 | Crear | Archer |
| 2:08 | Crear | Villager (Male) |
| 2:17 | Crear | Archer |
| 2:23 | Crear | Villager (Male) |
| 2:32 | Crear | Villager (Male) |
| 2:37 | Construir | Palisade Gate |
| 2:39 | Crear | Archer |
| 2:39 | Crear | Archer |
| 2:39 | Crear | Archer |
| 2:53 | Investigar | Double-Bit Axe |
| 2:55 | Construir | Farm |
| 2:58 | Construir | Palisade Wall |
| 3:02 | Construir | House |
| 3:05 | Crear | Archer |
| 3:05 | Crear | Archer |
| 3:10 | Construir | Palisade Wall |
| 3:15 | Investigar | Padded Archer Armor |
| 3:18 | Construir | House |
| 3:22 | Crear | Villager (Male) |
| 3:25 | Construir | Farm |
| 3:30 | Construir | Palisade Wall |
| 3:31 | Crear | Villager (Male) |
| 3:34 | Construir | Palisade Wall |
| 3:39 | Crear | Archer |
| 3:39 | Crear | Archer |
| 3:43 | Crear | Villager (Male) |
| 3:47 | Construir | House |
| 3:49 | Construir | House |
| 3:52 | Crear | Spearman |
| 3:52 | Crear | Spearman |
| 4:05 | Construir | Palisade Wall |
| 4:17 | Crear | Villager (Male) |
| 4:20 | Construir | House |
| 4:22 | Construir | House |
| 4:29 | Crear | Archer |
| 4:30 | Crear | Archer |
| 4:35 | Construir | Farm |
| 4:42 | Construir | Palisade Wall |
| 4:44 | Construir | Palisade Wall |
| 4:48 | Crear | Villager (Male) |
| 4:50 | Construir | Palisade Wall |
| 4:59 | Construir | Farm |
| 5:12 | Construir | Palisade Gate |
| 5:16 | Construir | Farm |
| 5:23 | Crear | Villager (Male) |
| 5:33 | Construir | Palisade Wall |
| 5:37 | Construir | Farm |
| 5:51 | Construir | Farm |
| 6:04 | Construir | Farm |
| 6:06 | Construir | Farm |
| 6:31 | Construir | Farm |
| 6:34 | Investigar | Horse Collar |
| 6:35 | Investigar | Horse Collar |
| 6:37 | Crear | Archer |
| 6:37 | Crear | Archer |
| 6:38 | Crear | Archer |
| 6:38 | Crear | Archer |
| 6:58 | Crear | Villager (Male) |
| 7:01 | Crear | Archer |
| 7:01 | Crear | Archer |
| 7:01 | Crear | Archer |
| 7:01 | Crear | Archer |
| 7:17 | Construir | Market |
| 8:03 | Crear | Villager (Male) |
| 8:06 | Crear | Archer |
| 8:06 | Crear | Archer |
| 8:06 | Crear | Archer |
| 8:07 | Crear | Archer |
| 8:56 | Construir | House |
| 8:57 | Construir | House |
| 9:18 | Investigar | Castle Age |
| 9:20 | Crear | Archer |
| 9:20 | Crear | Archer |
| 9:21 | Crear | Archer |
| 9:25 | Construir | Archery Range |
| 9:42 | Construir | House |
| 9:49 | Crear | Archer |
| 9:49 | Crear | Archer |
| 9:50 | Crear | Archer |
| 9:50 | Crear | Archer |
| 10:12 | Construir | House |
| 10:14 | Construir | House |
| 10:18 | Crear | Archer |
| 10:18 | Crear | Archer |
| 10:18 | Crear | Archer |
| 10:18 | Crear | Archer |
| 10:18 | Crear | Archer |
| 10:37 | Crear | Archer |
| 10:37 | Crear | Archer |
| 10:45 | Investigar | Gold Mining |
| 10:51 | Construir | House |
| 10:56 | Crear | Archer |
| 10:56 | Crear | Archer |
| 10:56 | Crear | Archer |
| 11:06 | Construir | House |
| 11:17 | Investigar | Wheelbarrow |
| 11:33 | Crear | Archer |
| 11:33 | Crear | Archer |
| 11:33 | Crear | Archer |
| 11:33 | Crear | Archer |
| 11:33 | Crear | Archer |
| 11:37 | Construir | House |
| 11:47 | Construir | Farm |
| 11:50 | Crear | Villager (Male) |
| 11:58 | Edad | Edad de los Castillos |
| 12:03 | Investigar | Crossbowman (upgrade) |
| 12:07 | Investigar | Leather Archer Armor |
| 12:15 | Construir | University |
| 12:22 | Crear | Archer |
| 12:22 | Crear | Archer |
| 12:22 | Crear | Archer |
| 12:33 | Crear | Villager (Male) |
| 12:34 | Crear | Villager (Male) |
| 12:51 | Crear | Villager (Male) |
| 13:06 | Investigar | Bodkin Arrow |
| 13:10 | Construir | Palisade Gate |
| 13:25 | Crear | Archer |
| 13:25 | Crear | Archer |
| 13:25 | Crear | Archer |
| 13:25 | Crear | Archer |
| 13:42 | Crear | Villager (Male) |
| 13:46 | Crear | Archer |
| 13:46 | Crear | Archer |
| 13:46 | Crear | Archer |
| 13:46 | Crear | Archer |
Build order — hK | Osama Booming Landing
101 acciones detectadas en el replay
| 0:01 | Crear | Villager (Male) |
| 0:01 | Crear | Villager (Male) |
| 0:01 | Crear | Villager (Male) |
| 0:04 | Crear | Villager (Male) |
| 0:08 | Construir | Stable |
| 0:30 | Construir | Farm |
| 0:54 | Crear | Villager (Male) |
| 0:59 | Construir | Farm |
| 1:03 | Crear | Scout Cavalry |
| 1:03 | Crear | Scout Cavalry |
| 1:05 | Construir | House |
| 1:08 | Crear | Scout Cavalry |
| 1:23 | Crear | Villager (Male) |
| 1:43 | Crear | Scout Cavalry |
| 1:46 | Construir | Stable |
| 1:47 | Crear | Villager (Male) |
| 1:48 | Crear | Villager (Male) |
| 2:09 | Crear | Scout Cavalry |
| 2:16 | Crear | Villager (Male) |
| 2:18 | Construir | Farm |
| 2:18 | Construir | Farm |
| 2:18 | Construir | Farm |
| 2:19 | Construir | Farm |
| 2:19 | Construir | Farm |
| 2:26 | Construir | Palisade Wall |
| 2:27 | Construir | Palisade Wall |
| 2:37 | Crear | Villager (Male) |
| 2:38 | Crear | Scout Cavalry |
| 2:40 | Construir | Farm |
| 2:40 | Construir | Farm |
| 2:41 | Construir | Farm |
| 2:41 | Construir | Farm |
| 2:49 | Crear | Scout Cavalry |
| 2:49 | Crear | Scout Cavalry |
| 2:53 | Construir | House |
| 3:13 | Construir | House |
| 3:24 | Investigar | Scale Barding Armor |
| 3:24 | Investigar | Scale Barding Armor |
| 3:28 | Construir | Farm |
| 3:33 | Construir | House |
| 4:09 | Crear | Villager (Male) |
| 4:09 | Crear | Villager (Male) |
| 4:18 | Crear | Villager (Male) |
| 4:22 | Construir | House |
| 4:38 | Investigar | Wheelbarrow |
| 4:47 | Construir | Farm |
| 4:56 | Construir | Market |
| 5:12 | Construir | Farm |
| 5:13 | Construir | Farm |
| 5:21 | Construir | Watch Tower |
| 5:40 | Construir | Palisade Wall |
| 5:45 | Construir | Farm |
| 5:56 | Investigar | Castle Age |
| 6:17 | Crear | Scout Cavalry |
| 6:17 | Crear | Scout Cavalry |
| 6:52 | Crear | Villager (Male) |
| 6:56 | Construir | Lumber Camp |
| 7:13 | Construir | House |
| 7:14 | Construir | House |
| 7:21 | Construir | House |
| 7:22 | Construir | Palisade Wall |
| 7:24 | Construir | Palisade Wall |
| 7:39 | Construir | House |
| 7:53 | Crear | Scout Cavalry |
| 7:53 | Crear | Scout Cavalry |
| 8:54 | Edad | Edad de los Castillos |
| 9:35 | Crear | Villager (Male) |
| 9:35 | Crear | Villager (Male) |
| 10:01 | Crear | Villager (Male) |
| 10:02 | Crear | Villager (Male) |
| 10:30 | Construir | Town Center |
| 10:45 | Crear | Villager (Male) |
| 10:53 | Crear | Knight |
| 10:53 | Crear | Knight |
| 10:53 | Crear | Knight |
| 10:58 | Crear | Knight |
| 10:58 | Crear | Knight |
| 11:09 | Crear | Villager (Male) |
| 11:31 | Crear | Villager (Male) |
| 11:31 | Crear | Villager (Male) |
| 11:44 | Crear | Knight |
| 11:45 | Crear | Knight |
| 12:18 | Crear | Villager (Male) |
| 12:19 | Crear | Villager (Male) |
| 12:23 | Construir | Farm |
| 12:30 | Construir | Farm |
| 12:37 | Crear | Villager (Male) |
| 12:39 | Crear | Villager (Male) |
| 12:40 | Crear | Villager (Male) |
| 12:48 | Crear | Villager (Male) |
| 12:58 | Construir | Farm |
| 12:58 | Construir | Farm |
| 12:58 | Construir | Farm |
| 12:58 | Construir | Farm |
| 13:21 | Crear | Villager (Male) |
| 13:21 | Crear | Villager (Male) |
| 13:21 | Crear | Villager (Male) |
| 13:22 | Crear | Villager (Male) |
| 13:25 | Construir | House |
| 13:27 | Construir | House |
| 13:29 | Crear | Villager (Male) |
Cronología de la partida
| 0:07 | [LW] Kaena · first_building Archery Range |
| 0:08 | hK | Osama Booming Landing · first_building Stable |
| 0:11 | HolyConqs · first_building Stable |
| 0:46 | HolyConqs · wall_segment Palisade Wall x6 |
| 0:58 | HolyConqs · wall_segment Palisade Wall x1 |
| 0:58 | HolyConqs · wall_segment Palisade Wall x1 |
| 1:06 | armvalcap · first_building Stable |
| 1:26 | HolyConqs · wall_segment Palisade Wall x4 |
| 1:28 | HolyConqs · wall_segment Palisade Wall x8 |
| 1:41 | HolyConqs · wall_segment Palisade Wall x9 |
| 1:42 | HolyConqs · wall_segment Palisade Wall x3 |
| 1:55 | HolyConqs · wall_segment Palisade Wall x5 |
| 1:56 | HolyConqs · wall_segment Palisade Wall x3 |
| 2:13 | HolyConqs · wall_segment Palisade Wall x16 |
| 2:26 | hK | Osama Booming Landing · wall_segment Palisade Wall x1 |
| 2:27 | hK | Osama Booming Landing · wall_segment Palisade Wall x1 |
| 2:58 | [LW] Kaena · wall_segment Palisade Wall x4 |
| 3:10 | [LW] Kaena · wall_segment Palisade Wall x6 |
| 3:30 | [LW] Kaena · wall_segment Palisade Wall x7 |
| 3:34 | [LW] Kaena · wall_segment Palisade Wall x3 |
| 4:05 | [LW] Kaena · wall_segment Palisade Wall x5 |
| 4:42 | [LW] Kaena · wall_segment Palisade Wall x4 |
| 4:44 | [LW] Kaena · wall_segment Palisade Wall x5 |
| 4:50 | [LW] Kaena · wall_segment Palisade Wall x9 |
| 5:33 | [LW] Kaena · wall_segment Palisade Wall x2 |
| 5:40 | hK | Osama Booming Landing · wall_segment Palisade Wall x1 |
| 5:49 | hK | Osama Booming Landing · first_market_buy 100 food |
| 5:56 | hK | Osama Booming Landing · first_market_sell 100 wood |
| 7:22 | hK | Osama Booming Landing · wall_segment Palisade Wall x1 |
| 7:24 | hK | Osama Booming Landing · wall_segment Palisade Wall x1 |
| 8:47 | HolyConqs · first_market_buy 100 food |
| 8:54 | hK | Osama Booming Landing · age_up castle |
| 9:00 | [LW] Kaena · first_market_sell 100 wood |
| 9:01 | [LW] Kaena · first_market_buy 100 food |
| 11:06 | armvalcap · age_up castle |
| 11:34 | HolyConqs · age_up castle |
| 11:38 | HolyConqs · first_building Monastery |
| 11:58 | [LW] Kaena · age_up castle |
| 12:51 | HolyConqs · wall_segment Palisade Wall x9 |
| 13:35 | hK | Osama Booming Landing · resign |
| 13:39 | armvalcap · tribute_sent a jugador 1 |
| 13:39 | armvalcap · tribute_sent a jugador 3 |
| 13:39 | armvalcap · tribute_sent a jugador 4 |
[ ANÁLISIS IA · 1 CRÉDITO ]
¿Qué pasó realmente en esta partida?
Wolo.gg analiza cada decisión: build order, eco, micro, errores típicos por bracket. Análisis personalizado por WhatsApp o Discord en 30 segundos.
Guía civ
Francos
Perfil
Jugador #2403609